 Dungeon Crawl Stone Soup version 0.29.1-4-g47bece8355 (webtiles) character file.

Game seed: 4004583416000892944

7 klnnlk the Chopper (level 1, -7/19 HPs)
             Began as a Minotaur Berserker on Dec 3, 2022.
             Was a Follower of Trog.
             Mangled by a kobold
             ... wielding a +2 dagger of distortion
              (10 damage)
             ... on level 1 of the Dungeon.
             The game lasted 00:03:12 (249 turns).

klnnlk the Chopper (Minotaur Berserker)              Turns: 249, Time: 00:03:13

Health: -7/19      AC:  2    Str: 21    XL:     1   Next: 91%
Magic:  0/0        EV: 12    Int:  4    God:    Trog [*.....]
Gold:   0          SH:  0    Dex:  9    Spells: 0/0 levels left

rFire   . . .      SeeInvis .   a - +0 hand axe
rCold   . . .      Faith    .   (no shield)
rNeg    . . .      Spirit   .   b - +0 animal skin
rPois   .          Reflect  .   (helmet restricted)
rElec   .          Harm     .   (no cloak)
rCorr   .          Rampage  .   (no gloves)
Will    .....                   (no boots)
Stlth   +.........              (no amulet)
HPRegen 0.06/turn               (no ring)
MPRegen 0.07/turn               (no ring)

@: no status effects
A: horns 2, retaliatory headbutt
a: Renounce Religion, Berserk


You were on level 1 of the Dungeon.
You worshipped Trog.
Trog was aware of your devotion.
You visited 1 branch of the dungeon, and saw 1 of its levels.

Inventory:

Hand Weapons
 a - a +0 hand axe (weapon)
Armour
 b - a +0 animal skin (worn)
Scrolls
 c - a scroll of summoning {unknown}
 d - a scroll of magic mapping {unknown}
Potions
 e - a potion of haste {unknown}


   Skills:
 - Level 3.6 Fighting
 * Level 4.3 Axes
 - Level 2.4 Armour
 - Level 2.1 Dodging


You couldn't memorise any spells.
You didn't know any spells.
Your spell library was empty.

Dungeon Overview and Level Annotations

Branches:
Dungeon (1/15)

Altars:

Shops:
D:1 ::*?


Innate Abilities, Weirdness & Mutations

You have a pair of horns on your head.
You reflexively headbutt those who attack you in melee.


Message History

Found Suqal's Magic Scroll Shoppe.
Found Ataghiul's General Store.
There is an entrance to Suqal's Magic Scroll Shoppe here.
There is a stone staircase leading down here.
Found a sling.
There is an entrance to Ataghiul's General Store here.
You see here a +0 sling.
A ball python comes into view.
The ball python hisses angrily.
Found a viscous cyan potion.
Found Jacix's Book Boutique.
The ball python barely misses you. The ball python grabs you.
The ball python constricts you. The ball python bites you.
The ball python constricts you.
You closely miss the ball python. The ball python barely misses you.
The ball python constricts you.
You hit the ball python.
You kill the ball python!
Trog accepts your kill.
You see here a ball python corpse.
e - a viscous cyan potion
Found 7 stones.
An endoplasm comes into view.
Found Qosit's Book Emporium.
The endoplasm hits you.
You slash the endoplasm!
You kill the endoplasm!
Trog accepts your kill.
A kobold comes into view.
It is wielding a +2 dagger of distortion.
Found 9 gold pieces.
The kobold shouts!
A dart slug comes into view.
The dart slug launches a dart at you. The slug dart hits you.
The kobold hits you with a +2 dagger of distortion.
You closely miss the kobold. Your headbutt misses the kobold.
The kobold hits you with a +2 dagger of distortion.
* * * LOW HITPOINT WARNING * * *
Space warps horribly around you!
Ouch! That really hurt!
You die...

.......... #.......##...
#.......# #...........)
.......# #............
#....####............
#..†.##.....##.......
.#######...###.....##.......
...........###.....####.....
..........K.................
........###@.......##.......
........###.............###.
..........#............. #.
..........#######...... ..
..######...# #.. ......
#......K.###.... .....
#........#.$.... .......
#....(..w....... #...
........##....... #... #


You could see a kobold.

Vanquished Creatures
  A bat (D:1)
  An endoplasm (D:1)
  A giant cockroach (D:1)
  A goblin (D:1)
  A ball python (D:1)
  2 rats (D:1)
7 creatures vanquished.

Notes
Turn   | Place    | Note
-------+----------+-------------------------------------------
     0 | D:1      | klnnlk the Minotaur Berserker began the quest for the Orb.
     0 | D:1      | Reached XP level 1. HP: 19/19 MP: 0/0
   114 | D:1      | Reached skill level 4 in Axes
   150 | D:1      | Found Suqal's Magic Scroll Shoppe.
   151 | D:1      | Found Ataghiul's General Store.
   213 | D:1      | Found Jacix's Book Boutique.
   225 | D:1      | Found Qosit's Book Emporium.
   249 | D:1      | Mangled by a kobold

Illustrated notes

Levels and vault maps discovered:
D:1:      minmay_arrival_plants_in_alcoves, layout_basic,
          dreamdust_ecumenical_altar_hidden_monk_grotto, serial_shops,
          nicolae_square_shop, shop, shop, shop, shop, serial_curves,
          eino_curves_02, eino_curves_02

Skill      XL: |  1 |
---------------+----+-----
Axes           | 4 |  4.3
Fighting       | |  3.6
Armour         | |  2.4
Dodging        | |  2.1

Action                   || total
-------------------------++-------
Melee: Hand axe          ||    12
       Headbutt          ||     1
Armor: Animal skin       ||     2
Dodge: Dodged            ||    10
